 Dungeon Crawl Stone Soup version 0.18-a0-971-g0af6217 (webtiles) character file.

49 Duffy the Chopper (level 3, 18/19 HPs)
             Began as a Vine Stalker Berserker on Jan 3, 2016.
             Was a Believer of Trog.
             Quit the game on level 2 of the Dungeon.
             The game lasted 00:01:19 (1334 turns).

Duffy the Chopper (Vine Stalker Berserker)          Turns: 1334, Time: 00:01:19

Health: 18/19      AC:  8    Str: 19    XL:     3   Next: 75%
Magic:  4/4        EV:  7    Int:  8    God:    Trog [**....]
Gold:   45         SH:  0    Dex: 13    Spells: 0 memorised, 2 levels left

rFire  . . .     SeeInvis .     a - +0 hand axe
rCold  . . .     Gourm    .     d - +0 chain mail (curse)
rNeg   . . .     Faith    .     (no shield)
rPois  .         Spirit   +     (no helmet)
rElec  .         Dismiss  .     (no cloak)
rCorr  .         Reflect  .     (no gloves)
SustAt .         Harm     .     (no boots)
MR     .....                    (no amulet)
Stlth  ..........               (no ring)
                                (no ring)

@: not resistant to hostile enchantments, extremely unstealthy
A: fangs 2, regeneration 1, magic shield, antimagic bite, no device heal 3, rot
immunity
a: Berserk, Trog's Hand, Burn Spellbooks, Renounce Religion


You were on level 2 of the Dungeon.
You worshipped Trog.
Trog was pleased with you.
You were not hungry.

You visited 1 branch of the dungeon, and saw 2 of its levels.

You collected 45 gold pieces.


Innate Abilities, Weirdness & Mutations

You have extremely sharp teeth.
Your natural rate of healing is unusually fast.
When hurt, damage is shared between your health and your magic reserves.
Your bite disrupts and absorbs the magic of your enemies.
Potions and wands cannot restore your health.
You are immune to rotting.


   Skills:
 - Level 2.6 Fighting
 + Level 4.1 Axes
 - Level 1.5 Armour
 - Level 1.5 Dodging


You had 2 spell levels left.
You didn't know any spells.

Inventory:

Hand Weapons
 a - a +0 hand axe (weapon)
Armour
 b - a +0 animal skin
 d - a cursed +0 chain mail (worn)
Scrolls
 e - a scroll of recharging {unknown}
 g - a scroll of remove curse {unknown}
 h - a scroll of enchant armour {unknown}
 k - a scroll of magic mapping {unknown}
 o - a scroll of teleportation {unknown}
Potions
 j - a potion of resistance
 l - a potion of haste
 m - a potion of curing {unknown}
 n - a potion of magic {unknown}
Comestibles
 c - a bread ration
 f - 2 meat rations
 i - a chunk of flesh

Dungeon Overview and Level Annotations

Branches:
Dungeon (2/15)

Altars:


Message History

No target in view!
No target in view!
No target in view!
No target in view!
No target in view!
No target in view!
No target in view!
No target in view!
No target in view!
No target in view!
You see here a giant cockroach corpse.
Found an escape hatch in the ceiling.
o - a scroll labeled VUNUYB UVUIWN You open the door.
There is an open door here.
A bat comes into view.
The bat closely misses you. The bat hits you.
No target in view!
No target in view!
No target in view!
No target in view!
No target in view!
No target in view!
No target in view!
No target in view!
No target in view!
No target in view!
No target in view!
No target in view!
No target in view!
No target in view!
The bat hits you but does no damage.
A bat is nearby!
Are you sure you want to abandon this character and quit the game? (Confirm with "yes".)

#....#.#....########.
####.#...............
#.#####.........>.
#....##..#########
######.##..#<# ###
#...##.##....## #..
#...'.........## #..
#...##.##......###..
###@##.####+##.....<
#.b..##..)....#...
#######.)..##.....
#....##.....
#....##.##.#
#....##....#
#....####..# ######
#..# #...


You could see a bat.

Action                   || total
-------------------------++-------
Melee: Hand axe          ||    93
  Use: Scroll            ||     2
  Eat: Chunk             ||     1

Notes
Turn   | Place    | Note
--------------------------------------------------------------
     0 | D:1      | Duffy the Vine Stalker Berserker began the quest for the Orb.
     0 | D:1      | Reached XP level 1. HP: 11/11 MP: 2/2
   199 | D:1      | Reached skill level 3 in Axes
   444 | D:1      | Reached XP level 2. HP: 16/16 MP: 3/3
   980 | D:2      | Reached XP level 3. HP: 14/19 MP: 4/4
  1024 | D:2      | Found a faded altar to an unknown god.
  1031 | D:2      | Reached skill level 4 in Axes
  1263 | D:2      | Reached ** piety under Trog
  1334 | D:2      | Quit the game

Vault maps used:
D:1:      nicolae_arrival_memento_mori
D:2:      ecumenical_altar_2, minmay_misc_feat_pillars

Vanquished Creatures
  2 adders
  A worm
  A ball python
  3 bats
  4 giant cockroaches
  3 goblins
  4 hobgoblins
  A giant newt
  4 kobolds
  6 rats
29 creatures vanquished.
